 Dungeon Crawl Stone Soup version 0.19-a0-45-g2c295ea (webtiles) character file.

58 Mefis the Magician (level 3, -1/19 HPs)
             Began as a Deep Elf Wizard on May 5, 2016.
             Was an Initiate of Ashenzari.
             Slain by a sky beast (3 damage)
             ... on level 3 of the Dungeon.
             The game lasted 00:05:50 (1917 turns).

Mefis the Magician (Deep Elf Wizard)                Turns: 1917, Time: 00:05:51

Health: -1/19      AC:  2    Str:  5    XL:     3   Next: 76%
Magic:  2/11       EV: 13    Int: 22    God:    Ashenzari [......]
Gold:   60         SH:  0    Dex: 13    Spells: 5 memorised, 1 level left

rFire  . . .     SeeInvis .     q - +0 dagger
rCold  . . .     Gourm    .     a - +0 robe
rNeg   . . .     Faith    .     (no shield)
rPois  .         Spirit   .     b - +0 hat (curse)
rElec  .         Dismiss  .     (no cloak)
rCorr  .         Reflect  .     (no gloves)
SustAt +         Harm     .     (no boots)
MR     .....                    (no amulet)
Stlth  +++.......               (no ring)
                                g - ring of sustain attributes

@: very slightly contaminated, repel missiles, not resistant to hostile
enchantments, fairly stealthy
A: no striking features
a: Curse Item, Renounce Religion


You were on level 3 of the Dungeon.
You worshipped Ashenzari.
Ashenzari was noncommittal.
You were hungry.

You visited 1 branch of the dungeon, and saw 4 of its levels.

You collected 60 gold pieces.

Inventory:

Hand Weapons
 q - a +0 dagger (weapon)
 u - a +0 short sword
Missiles
 f - 7 tomahawks (quivered)
 i - 3 curare-tipped needles
 p - 12 poisoned needles
 t - 16 arrows
Armour
 a - a +0 robe (worn)
 b - a cursed +0 hat (worn)
Jewellery
 g - a ring of sustain attributes (left hand)
Scrolls
 h - a scroll of amnesia {unknown}
 l - a scroll of immolation {unknown}
 v - 2 scrolls of magic mapping {unknown}
Potions
 e - a potion of ambrosia {unknown}
 j - 2 potions of lignification {unknown}
 k - a potion of berserk rage {unknown}
 m - 2 potions of curing {unknown}
 n - 2 potions of brilliance {unknown}
 r - a potion of cancellation {unknown}
 x - a potion of invisibility {unknown}
Books
 c - a book of Minor Magic

   Spells                             Type                      Level
   a - Magic Dart                     Conjuration                  1
   b - Blink                          Translocation                2
   c - Call Imp                       Summoning                    2
   d - Repel Missiles                 Charms/Air                   2
   e - Slow                           Hexes                        2
   f - Conjure Flame                  Conjuration/Fire             3
   g - Mephitic Cloud                 Conjuration/Poison/Air       3
Comestibles
 d - a bread ration
 o - 5 fruits


   Skills:
 * Level 3.4 Dodging
 * Level 4.2 Stealth
 + Level 4.6 Spellcasting
 + Level 1.4 Conjurations
 - Level 1.1 Summonings
 - Level 1.1 Translocations


You had one spell level left.
You knew the following spells:

 Your Spells              Type           Power        Failure   Level  Hunger
a - Magic Dart            Conj           ##..         8%          1    None
b - Call Imp              Summ           #.......     12%         2    None
c - Blink                 Tloc           N/A          12%         2    None
e - Mephitic Cloud        Conj/Pois/Air  #.......     28%         3    ##.....
p - Repel Missiles        Chrm/Air       #.....       17%         2    None


Dungeon Overview and Level Annotations

Branches:
Dungeon (4/15)
 Temple: D:4-7

Altars:
Ashenzari


Message History

You miscast Mephitic Cloud.
You are blasted with air!
There is a stone staircase leading down here.
Something hits you but does no damage.
You climb downwards.
A dart slug comes into view.
There is a stone staircase leading up here.
You closely miss something. Something hits you. Something shocks you.
Something hits you. Something shocks you.
* * * LOW HITPOINT WARNING * * *
You climb upwards.
There is a stone staircase leading down here.
Casting: Mephitic Cloud
Confirm with . or Enter, or press ? or * to list all spells.
You blink.
Something hits you but does no damage.
A sky beast appears from thin air!
Reactivating autopickup.
Casting: Blink
Confirm with . or Enter, or press ? or * to list all spells.
You miscast Call Imp.
Your brain hurts!
The sky beast hits you.
You die...

#.....<........#
#............#
#............#
##.#####.....#
.. #.....# ##
#.....# #.....#
##+##.# #..#@#
#.#Y# #...#
###..# . #....#
....####....#
.......'...>#
....####...##
...........[....


You could see a sky beast.

Vanquished Creatures
  Natasha (D:2)
  A giant gecko (D:2)
  A giant cockroach (D:2)
  5 hobgoblins
  3 kobolds (D:2)
  5 bats
  4 goblins
  5 rats
25 creatures vanquished.

Vanquished Creatures (collateral kills)
  A dart slug (D:2)
  2 worms (D:2)
  2 goblins (D:2)
  A hobgoblin (D:2)
  A ball python (D:2)
7 creatures vanquished.

Grand Total: 32 creatures vanquished

Notes
Turn   | Place    | Note
--------------------------------------------------------------
     0 | D:1      | Mefis the Deep Elf Wizard began the quest for the Orb.
     0 | D:1      | Reached XP level 1. HP: 10/10 MP: 7/7
   659 | D:2      | Reached XP level 2. HP: 15/15 MP: 3/9
   681 | D:2      | Learned a level 2 spell: Call Imp
   684 | D:2      | Learned a level 2 spell: Blink
   687 | D:2      | Learned a level 2 spell: Repel Missiles
  1065 | D:2      | Found a shattered altar of Ashenzari.
  1084 | D:2      | Noticed Natasha
  1087 | D:2      | Noticed a crimson imp
  1095 | D:2      | Noticed a crimson imp
  1102 | D:2      | Killed Natasha
  1102 | D:2      | Reached XP level 3. HP: 11/19 MP: 0/11
  1255 | D:2      | Became a worshipper of Ashenzari the Shackled
  1895 | D:3      | Noticed a sky beast
  1901 | D:3      | Learned a level 3 spell: Mephitic Cloud
  1917 | D:3      | Slain by a sky beast

Vault maps used:
D:1:      roderic_crossed_star
D:2:      lemuel_round_altar, uniq_natasha
D:3:      first_bread
D:4:      serial_glass, glass_columns_b, glass_columns_c, glass_columns_a,
          glass_columns_a, glass_columns_b, glass_columns_a, glass_columns_b,
          glass_columns_b, glass_columns_a, glass_columns_a

Skill      XL: |  1  2  3 |
---------------+----------+-----
Stealth        | 3 4 |  4.2
Dodging        | 3 |  3.4
Spellcasting   | |  4.6
Conjurations   | |  1.4
Summonings     | |  1.1
Translocations | |  1.1

Action                   || total
-------------------------++-------
Melee: Dagger            ||     9
 Cast: Magic Dart        ||    62
       Repel Missiles    ||     1
       Call Imp          ||     8
       Blink             ||     1
Invok: Curse Item        ||     1
 Stab: Sleeping          ||     2
  Eat: Chunk             ||     2
Armor: Robe              ||     3
Dodge: Dodged            ||    13
